 Dungeon Crawl Stone Soup version 0.16-a0-3855-gd2600ac (webtiles) character file.

20948 HungrySameoo the Covert (level 13, -8/74 HPs)
             Began as a Kobold Chaos Knight on Jan 31, 2015.
             Was a Believer of Lugonu.
             Mangled by a six-headed hydra (10 damage)
             ... on level 2 of the Lair of Beasts.
             The game lasted 01:11:49 (19404 turns).

HungrySameoo the Covert (Kobold Chaos Knight)      Turns: 19404, Time: 01:11:51

Health: -8/74      AC:  8    Str:  7 (9)  XL:     13   Next: 16%
Magic:  18/18      EV: 22    Int:  3 (6)  God:    Lugonu [**....]
Gold:   371        SH:  0    Dex: 19      Spells: 0 memorised, 12 levels left

rFire  + . .     SeeInvis .     x - +7 whip {drain, rF+ MR+ Int-5 Stlth+}
rCold  . . .     Clarity  .     D - +1 leather armour {MR+}
rNeg   + + .     SustAb   .     (no shield)
rPois  +         Gourm    .     (helmet restricted)
rElec  .         Spirit   .     v - +2 cloak {+Inv}
rCorr  .         Warding  .     a - +0 pair of gloves
rMut   .         Stasis   .     (no boots)
MR     +++..                    (no amulet)
Stlth  +++++++...               q - ring of positive energy
                                k - ring of positive energy

@: extremely resistant to hostile enchantments, extremely stealthy
A: hooves 1, horns 1, thin skeletal structure 1, carnivore 3, clumsy 1,
deterioration 1, frail 1, low mp 1, magic resistance 1, poison resistance, weak
1
a: Depart the Abyss, Bend Space, Renounce Religion, Evoke Invisibility


You were on level 2 of the Lair of Beasts.
You worshipped Lugonu.
Lugonu was pleased with you.
You were very full.

You visited 2 branches of the dungeon, and saw 16 of its levels.
You visited the Abyss 1 time.
You visited 1 bazaar.

You collected 731 gold pieces.
You spent 360 gold pieces at shops.

Inventory:

Hand weapons
 x - the +7 whip of Jafe (weapon) {drain, rF+ MR+ Int-5 Stlth+}
   (You found it on level 5 of the Dungeon)

   A truly terrible weapon, it drains the life of those it strikes.
   It affects your intelligence (-5).
   It protects you from fire.
   It affects your resistance to hostile enchantments.
   It makes you more stealthy.
 F - the +11 lajatang "Bleec" {slice, -Cast +Fly rPois+ rN+ MR+}
   (You found it on level 1 of the Abyss)

   It inflicts extra damage upon your enemies.
   It protects you from poison.
   It protects you from negative energy.
   It affects your resistance to hostile enchantments.
   It lets you fly.
   It prevents spellcasting.
Armour
 a - a +0 pair of gloves (worn)
 e - a +0 buckler
 v - a +2 cloak of invisibility (worn)
 D - a +1 leather armour of magic resistance (worn)
Jewellery
 k - a ring of positive energy (left hand)
 q - a ring of positive energy (right hand)
Magical devices
 n - a wand of draining (2)
 u - a wand of teleportation (4)
 E - a wand of digging (8)
Scrolls
 b - 2 scrolls of fog
 f - a scroll of immolation
 g - a scroll of amnesia
 h - 2 scrolls of teleportation
 i - 8 scrolls of remove curse
 j - a scroll of recharging
 y - a scroll of noise
 C - a scroll of enchant armour
 G - a scroll of magic mapping
Potions
 o - 4 potions of brilliance
 r - a potion of magic
 s - a potion of cancellation {unknown}
 w - 3 potions of curing
 A - a potion of restore abilities {unknown}
Comestibles
 c - 7 meat rations
 l - 2 beef jerkies


   Skills:
 + Level 10.4 Fighting
   Level 6.2 Short Blades
 - Level 10.0(10.7) Maces & Flails
 * Level 5.8(8.3) Staves
 - Level 0.7 Armour
 - Level 10.2 Dodging
 + Level 12.6 Stealth
 - Level 5.4 Shields
 + Level 4.2 Evocations


You had 12 spell levels left.
You didn't know any spells.

Dungeon Overview and Level Annotations

Branches:
Dungeon (12/15)            Temple (0/1) D:7            Lair (4/8) D:10
    Orc (0/4) D:10
  Swamp: Lair:3-6    Shoals: Lair:3-6     Snake: Lair:3-6    Spider: Lair:3-6

Altars:
Ashenzari
Cheibriados
Elyvilon
Fedhas
Kikubaaqudgha
Nemelex Xobeh
The Shining One

Shops:
D:5 =   D:8 (

Annotations:
Lair:1 HungrySameoo's ghost, powerful HOIE


Innate Abilities, Weirdness & Mutations

You are small and have problems with some larger weapons.
You are carnivorous and can eat meat at any time.
You have large cloven feet.
You have a pair of small horns on your head.
You have a somewhat thin skeletal structure (Dex +2, Stealth).
You are clumsy. (Dex -2)
Your body is slowly deteriorating.
You are frail (-10% HP).
Your magical capacity is low (-10% MP).
You are resistant to hostile enchantments.
Your system is resistant to poisons.
You are weak. (Str -2)


Message History

The six-headed hydra bites you!
* * * LOW HITPOINT WARNING * * *
The six-headed hydra bites you!
* * * LOW HITPOINT WARNING * * *
The six-headed hydra closely misses you.
The six-headed hydra bites you.
* * * LOW HITPOINT WARNING * * *
The six-headed hydra bites you but does no damage.
The six-headed hydra barely misses you.
Unknown command.
Unknown command.
The six-headed hydra bites you.
* * * LOW HITPOINT WARNING * * *
The six-headed hydra misses you.
The six-headed hydra completely misses you.
The six-headed hydra misses you.
The six-headed hydra closely misses you.
The six-headed hydra bites you!
You die...
Xom titters!

#..###.#PD...###..#.##.##.P....##
#..# ##.....## #...##### ##..P##
#..# ##.....###..## ..# ...#
#.....#.....# ## #..#
##....###...# #..# #...###...P#
...# #....##...## #..#
#...P###D.# ## ...#
##...####@.###.## ...# #....#
#...P#.#.#. #..##
##...###.......... ....#
#.....##.......... ....#
#....####......... #...#
##...###.......... ...##
##....###.........
#...####....#............
P........................


You could see a six-headed hydra.

Vanquished Creatures
  Fannar (Lair:2)
  A hydra (Lair:2)
  Nergalle (D:11)
  3 hill giants
  Pikel (D:9)
  2 cyclopes
  Joseph (D:10)
  A gargoyle (D:12)
  A komodo dragon (D:10)
  A troll (D:11)
  A two-headed ogre (D:11)
  4 blink frogs (Lair:3)
  A trapdoor spider (D:12)
  A deep elf mage (D:12)
  A wyvern (D:11)
  20 yaks
  6 wolves
  A hungry ghost (D:7)
  5 hippogriffs
  3 vampire mosquitoes (D:12)
  Edmund (D:8)
  Menkaure (D:4)
  A soldier ant (D:9)
  2 ice beasts
  2 water moccasins (Lair:3)
  2 porcupines
  A black bear (D:11)
  6 orc warriors
  A necrophage (D:11)
  6 centaurs
  A phantom (D:4)
  A sky beast (D:9)
  6 ogres
  A big kobold (D:8)
  4 crocodiles
  Duvessa (D:9)
  7 giant frogs
  Blork the orc (D:4)
  A gnoll sergeant (D:9)
  A wyvern zombie (D:10)
  5 scorpions
  30 killer bees
  Dowan (D:9)
  15 crimson imps
  11 hounds
  10 orc wizards
  A goliath beetle (D:7)
  2 giant frog zombies
  11 orc priests
  2 giant frog skeletons (D:10)
  3 iron imps
  6 jellies
  4 centaur skeletons
  3 iguanas
  2 quasits
  7 worker ants
  A hound zombie (D:5)
  Terence (D:2)
  A hound skeleton (D:5)
  6 gnolls
  19 adders
  6 river rats (Lair:1)
  4 white imps
  8 shadow imps
  3 giant mites
  4 worms
  3 ufetubi
  2 adder skeletons
  An adder zombie (D:6)
  3 giant geckos
  2 oozes
  56 orcs
  2 bat zombies (D:5)
  12 goblins
  12 hobgoblins
  14 jackals
  9 quokkas
  A ball python (D:4)
  16 bats
  2 giant cockroaches
  A giant gecko skeleton (D:5)
  A giant gecko zombie (D:7)
  6 giant newts
  2 giant spores
  A jackal skeleton (D:4)
  12 kobolds
  5 orc zombies
  A quokka skeleton (D:5)
  7 rats
  6 ballistomycetes
446 creatures vanquished.

Vanquished Creatures (collateral kills)
  A hydra (D:11)
  A hill giant (D:10)
  An ugly thing (D:11)
3 creatures vanquished.

Vanquished Creatures (others)
  A spider (D:11)
  A boggart (D:11)
  A quasit (D:10)
  A worm (D:11)
  A kobold (D:8)
  2 giant spores
  A ballistomycete (D:8)
  A butterfly (D:5)
  A plant (D:10)
  4 tentacles (Abyss:2)
  49 tentacle segments (Abyss:2)
63 creatures vanquished.

Grand Total: 512 creatures vanquished

Notes
Turn   | Place    | Note
--------------------------------------------------------------
     0 | D:1      | HungrySameoo, the Kobold Chaos Knight, began the quest for the Orb.
     0 | D:1      | Reached XP level 1. HP: 14/14 MP: 1/1
    99 | D:1      | XOM: potion effect (curing)
   259 | D:1      | Reached XP level 2. HP: 19/19 MP: 2/2
   938 | D:2      | XOM: butterfly on damage
   942 | D:2      | Reached XP level 3. HP: 13/23 MP: 3/3
  1066 | D:2      | Noticed Terence
  1087 | D:2      | Killed Terence
  1144 | D:2      | Found an ancient bone altar of Kikubaaqudgha.
  1173 | D:2      | Reached XP level 4. HP: 25/29 MP: 4/4
  1176 | D:2      | XOM: mild Tloc miscast
  1186 | D:2      | Reached skill level 5 in Short Blades
  1369 | D:2      | XOM: harmless Air miscast
  1655 | D:2      | Reached XP level 5. HP: 31/33 MP: 5/5
  1669 | D:2      | XOM: colour smoke trail
  2329 | D:3      | XOM: god gift: robe {god gift}
  2436 | D:3      | XOM: colour smoke trail
  2476 | D:4      | XOM: scenery: 2 doors open, 1 doors close
  2492 | D:4      | XOM is BORED!
  2492 | D:4      | XOM: blink monster(s)
  2814 | D:4      | Reached skill level 1 in Shields
  2814 | D:4      | Reached XP level 6. HP: 31/38 MP: 6/6
  2939 | D:4      | Noticed a phantom
  2946 | D:4      | Reached skill level 6 in Short Blades
  2946 | D:4      | XOM: harmless Air miscast
  2951 | D:4      | XOM: harmless Trmt miscast
  2990 | D:4      | Killed a phantom
  2990 | D:4      | Reached skill level 1 in Maces & Flails
  2990 | D:4      | Reached skill level 5 in Dodging
  3241 | D:4      | Noticed Menkaure
  3259 | D:4      | Killed Menkaure
  3259 | D:4      | Reached XP level 7. HP: 15/44 MP: 7/7
  3641 | D:4      | Noticed Blork the orc
  3644 | D:4      | XOM: silly message
  3646 | D:4      | XOM: confusion
  3975 | D:4      | Noticed an ogre
  3979 | D:4      | XOM: potion effect (brilliance)
  3989 | D:4      | Killed an ogre
  4126 | D:4      | Killed Blork the orc
  4285 | D:4      | Found a sparkling altar of Nemelex Xobeh.
  4392 | D:4      | XOM: colour smoke trail
  4444 | D:5      | Entered Level 5 of the Dungeon
  4471 | D:5      | XOM: butterfly on damage
  4478 | D:5      | Reached skill level 5 in Fighting
  4710 | D:5      | XOM: cast spell 'Dispersal'
  4719 | D:5      | Reached XP level 8. HP: 46/49 MP: 8/8
  4806 | D:5      | XOM: cast spell 'Spider Form'
  5008 | D:5      | XOM: silly message
  5022 | D:5      | Got a faintly glowing whip
  5023 | D:5      | Identified the +7 whip of Jafe {drain, rF+ MR+ Int-5 Stlth+} (You found it on level 5 of the Dungeon)
  5052 | D:5      | XOM: cast spell 'Cause Fear'
  5056 | D:5      | Reached skill level 1 in Stealth
  5155 | D:5      | XOM: silly message
  5275 | D:5      | XOM: polymorph orc -> gnoll
  5347 | D:5      | XOM: mild Air miscast
  5513 | D:5      | XOM: mild Necr miscast
  5603 | D:5      | Found Qafaeh's Jewellery Shop.
  5694 | D:5      | Found a white marble altar of Elyvilon.
  5704 | D:5      | Found a snail-covered altar of Cheibriados.
  5730 | D:5      | Reached skill level 7 in Dodging
  5852 | D:5      | XOM: medium Hex miscast
  5871 | D:5      | XOM: enchant monster (bad)
  5990 | D:6      | XOM: noise
  6640 | D:7      | Reached XP level 9. HP: 45/54 MP: 9/9
  6646 | D:7      | XOM: enchant monster (bad)
  6652 | D:6      | XOM: give mutation
  6652 | D:6      | Gained mutation: You are dopey. (Int -2) [Xom's mischief]
  6797 | D:7      | Reached skill level 5 in Stealth
  6806 | D:7      | Reached skill level 8 in Dodging
  6822 | D:7      | Reached skill level 5 in Maces & Flails
  6861 | D:7      | XOM: harmless Necr miscast
  7002 | D:7      | Found a blossoming altar of Fedhas.
  7102 | D:7      | Found a staircase to the Ecumenical Temple.
  7280 | D:7      | XOM: harmless Conj miscast
  7395 | D:7      | XOM: potion effect (berserk rage)
  7561 | D:7      | XOM: mild Erth miscast
  7777 | D:7      | XOM is BORED!
  7777 | D:7      | XOM: medium Tloc miscast
  8177 | D:8      | Reached skill level 9 in Dodging
  8191 | D:8      | Reached XP level 10. HP: 42/60 MP: 10/10
  8235 | D:8      | XOM: confuse monster(s)
  8253 | D:8      | XOM: noise
  8258 | D:8      | XOM: smoke on damage
  8432 | D:8      | XOM: enchant monster (good)
  8439 | D:8      | XOM: divination: magic mapping
  8534 | D:8      | XOM: blink monster(s)
  8573 | D:8      | Found Khostirghui's Weapon Boutique.
  8588 | D:8      | Noticed Edmund
  8605 | D:8      | XOM: silly message
  8621 | D:8      | Killed Edmund
  8932 | D:8      | XOM: harmless Ice miscast
  9064 | D:8      | XOM: divination: detect creatures
  9343 | D:9      | XOM: harmless Divn miscast
  9367 | D:9      | XOM: confuse monster(s)
  9555 | D:9      | XOM: harmless Conj miscast
  9703 | D:9      | Reached skill level 10 in Dodging
  9734 | D:9      | XOM: confuse monster(s)
  9961 | D:8      | XOM: mild Divn miscast
 10171 | D:9      | Noticed Duvessa
 10177 | D:9      | Noticed Dowan
 10182 | D:9      | Killed Duvessa
 10188 | D:9      | Killed Dowan
 10398 | D:9      | XOM is BORED!
 10398 | D:9      | XOM: mild Necr miscast
 10678 | D:9      | XOM: noise
 10962 | D:9      | XOM: colour smoke trail
 11308 | D:9      | Noticed Pikel
 11320 | D:9      | XOM: confuse monster(s)
 11337 | D:9      | Killed Pikel
 11337 | D:9      | Reached XP level 11. HP: 67/67 MP: 11/11
 11540 | D:10     | Entered Level 10 of the Dungeon
 11540 | D:10     | Found a shattered altar of Ashenzari.
 11791 | D:10     | XOM: confuse monster(s)
 11919 | D:10     | Found a staircase to the Orcish Mines.
 11942 | D:10     | XOM: potion effect (berserk rage)
 11948 | D:10     | XOM: summons friendly quasit
 12190 | D:10     | Noticed a hill giant
 12207 | D:10     | Reached skill level 10 in Stealth
 12276 | D:10     | Found a staircase to the Lair.
 12289 | D:10     | XOM: smoke on damage
 12455 | D:10     | Noticed Joseph
 12496 | D:10     | XOM: potion effect (invisibility)
 12498 | D:10     | Killed Joseph
 12624 | D:10     | Reached skill level 5 in Shields
 12671 | D:10     | XOM: harmless Conj miscast
 12818 | D:10     | XOM: blink monster(s)
 12953 | D:10     | XOM: colour smoke trail
 12961 | D:10     | Killed a hill giant
 13058 | D:10     | XOM: vitrification
 13166 | D:11     | Noticed a white ugly thing
 13177 | D:11     | Found a flickering gateway to a bazaar.
 13181 | D:11     | Noticed Nergalle
 13181 | Bazaar   | Entered a bazaar
 13182 | Bazaar   | Found Cajig's Magic Scroll Emporium.
 13182 | Bazaar   | Found Klaifri's Magic Scroll Emporium.
 13183 | Bazaar   | Found Sehih's Distillery.
 13214 | Bazaar   | Found Asuqad's Armour Shop.
 13236 | Bazaar   | Bought a potion of beneficial mutation for 315 gold pieces
 13236 | Bazaar   | Bought a potion of heal wounds for 45 gold pieces
 13292 | D:11     | Found an ancient bone altar of Kikubaaqudgha.
 13485 | D:11     | Noticed a four-headed hydra
 13677 | D:11     | XOM: summons friendly white imp
 13678 | D:11     | XOM: cast spell 'Summon Swarm'
 13683 | D:11     | Killed a four-headed hydra
 13700 | D:11     | XOM: polymorph scorpion -> boggart
 13707 | D:11     | Killed Nergalle
 13853 | D:11     | XOM: confuse monster(s)
 13856 | D:11     | Killed a white ugly thing
 13955 | D:11     | Gained mutation: You have a somewhat thin skeletal structure (Dex +2, Stealth). [mutagenic meat]
 13956 | D:11     | Gained mutation: You are partially covered in large bone plates (AC +2, SH +2). [mutagenic meat]
 13957 | D:11     | Gained mutation: Your body is slowly deteriorating. [mutagenic meat]
 13958 | D:11     | Gained mutation: You have a pair of small horns on your head. [mutagenic meat]
 14069 | D:11     | XOM: enchant monster (bad)
 14075 | D:11     | XOM: confuse monster(s)
 14160 | D:11     | Reached XP level 12. HP: 75/75 MP: 12/12
 14195 | D:11     | Noticed a hill giant
 14198 | D:11     | Killed a hill giant
 14198 | D:11     | Reached skill level 11 in Stealth
 14236 | D:11     | Noticed a cyclops
 14245 | D:11     | XOM: butterfly on damage
 14250 | D:11     | XOM: butterfly on damage
 14252 | D:11     | Killed a cyclops
 14252 | D:11     | Reached skill level 10 in Maces & Flails
 14377 | D:11     | XOM: summons 6 hostile demons
 14392 | D:11     | Noticed a white ugly thing
 14479 | D:10     | XOM: severe Summ miscast
 14479 | D:10     | Cast into the Abyss (the severe capriciousness of Xom)
 14495 | Abyss:1  | Found a bloodstained altar of Trog.
 14508 | Abyss:1  | Got a pitted lajatang
 14509 | Abyss:1  | Identified the +11 lajatang "Bleec" {slice, -Cast +Fly rPois+ rN+ MR+} (You found it on level 1 of the Abyss)
 14511 | Abyss:1  | Found a corrupted altar of Lugonu.
 14543 | Abyss:1  | XOM: noise
 14549 | Abyss:1  | Noticed a rakshasa
 14577 | Abyss:1  | Gained mutation: You possess an exceptional clarity of mind. [potion of beneficial mutation]
 14703 | Abyss:1  | Noticed a thrashing horror
 14719 | Abyss:1  | Noticed a green death
 14736 | Abyss:1  | Noticed a bone dragon
 14800 | Abyss:1  | Got a crude leather armour
 14801 | Abyss:1  | Identified the cursed -4 leather armour of the Catfish {Int+4} (You found it on level 1 of the Abyss)
 14939 | Abyss:1  | Noticed a starcursed mass
 15032 | Abyss:1  | XOM: enchant monster (good)
 15106 | Abyss:2  | Noticed a daeva
 15108 | Abyss:2  | XOM: god gift: 460 gold pieces
 15109 | Abyss:2  | Noticed a Hell Sentinel
 15116 | Abyss:2  | Gained mutation: Your magical capacity is low (-10% MP). [a neqoxec]
 15117 | Abyss:2  | Gained mutation: You are very dopey. (Int -4) [a neqoxec]
 15124 | Abyss:2  | Found a basalt altar of Yredelemnul.
 15138 | Abyss:2  | Found a corrupted altar of Lugonu.
 15141 | Abyss:2  | Noticed a kraken
 15145 | Abyss:2  | XOM: harmless Tloc miscast
 15160 | Abyss:2  | Found a corrupted altar of Lugonu.
 15163 | Abyss:2  | Noticed a starcursed mass
 15167 | Abyss:2  | Fell from the grace of Xom
 15167 | Abyss:2  | Became a worshipper of Lugonu the Unformed
 15167 | Abyss:2  | Acquired Lugonu's first power
 15168 | D:10     | Escaped the Abyss
 15654 | D:11     | Reached skill level 1 in Staves
 15806 | D:11     | XOM: give mutations
 15806 | D:11     | Gained mutation: You have large cloven feet. [Xom's mischief]
 15806 | D:11     | Lost mutation: You are very dopey. (Int -4) [Xom's mischief]
 15881 | D:11     | Noticed a hill giant
 15990 | D:11     | Killed a hill giant
 16058 | D:12     | Found a glowing golden altar of the Shining One.
 16310 | D:11     | XOM: give mutations
 16310 | D:11     | Gained mutation: You are frail (-10% HP). [Xom's mischief]
 16310 | D:11     | Gained mutation: You are clumsy. (Dex -2) [Xom's mischief]
 16310 | D:11     | Lost mutation: You are partially covered in large bone plates (AC +2, SH +2). [Xom's mischief]
 16462 | D:12     | XOM: severe Ice miscast
 17117 | D:12     | Noticed a five-headed hydra
 17562 | D:12     | Reached skill level 12 in Stealth
 17562 | D:12     | Reached skill level 1 in Evocations
 17596 | D:12     | XOM: summons 7 hostile demons
 17876 | Lair:1   | Entered Level 1 of the Lair of Beasts
 17983 | Lair:1   | Noticed HungrySameoo's ghost (powerful HOIE)
 18245 | Lair:2   | Noticed a four-headed hydra
 18258 | Lair:2   | Lost mutation: You are dopey. (Int -2) [potion of mutation]
 18258 | Lair:2   | Lost mutation: You possess an exceptional clarity of mind. [potion of mutation]
 18267 | Lair:2   | Killed a four-headed hydra
 18267 | Lair:2   | Reached skill level 5 in Staves
 18511 | Lair:2   | Noticed Fannar
 18526 | Lair:2   | Killed Fannar
 18526 | Lair:2   | Reached skill level 10 in Fighting
 18526 | Lair:2   | Reached XP level 13. HP: 58/73 MP: 15/16
 18604 | Lair:2   | Noticed a five-headed hydra
 18608 | Lair:2   | XOM: noise
 18747 | Lair:3   | Acquired Lugonu's second power
 19292 | Lair:3   | Gained mutation: You are resistant to hostile enchantments. [potion of mutation]
 19292 | Lair:3   | Gained mutation: You are weak. (Str -2) [potion of mutation]
 19292 | Lair:3   | Gained mutation: Your system is resistant to poisons. [potion of mutation]
 19381 | Lair:2   | Noticed a six-headed hydra
 19404 | Lair:2   | HP: 2/74 [six-headed hydra (5)]
 19404 | Lair:2   | Mangled by a six-headed hydra

Action                   |  1- 3 |  4- 6 |  7- 9 | 10-12 | 13-15 || total
-------------------------+-------+-------+-------+-------+-------++-------
Melee: Short sword       |    42 |    18 |    18 |       |       ||    78
       Mace              |    37 |   145 |    95 |       |       ||   277
       Whip              |       |       |   348 |   769 |     3 ||  1120
       Lajatang          |       |       |       |   183 |    72 ||   255
Invok: Depart the Abyss  |       |       |       |     1 |       ||     1
 Abil: Evoke Invisibilit |       |       |       |     1 |       ||     1
       Evoke Flight      |       |       |       |     1 |       ||     1
Evoke: Wand              |       |       |       |    11 |       ||    11
       Sack of spiders   |       |       |       |     1 |       ||     1
  Use: Scroll            |       |       |    10 |    16 |     2 ||    28
       Potion            |       |       |     4 |    14 |     1 ||    19
 Stab: Sleeping          |       |       |    13 |    19 |     4 ||    36
       Distracted        |       |       |     1 |     2 |       ||     3
       Confused          |       |       |       |     5 |       ||     5
       Invisible         |       |       |       |     1 |       ||     1
  Eat: Chunk             |     1 |     7 |    24 |    33 |     2 ||    67
       Meat ration       |       |       |       |       |     1 ||     1
